[Event "Team 45 45 League T80"]
[Site "Internet Chess Club"]
[Date "2019.04.21"]
[Round "4"]
[White "scostanzo212"]
[Black "justice02"]
[Result "1-0"]
[WhiteElo "1573"]
[BlackElo "1620"]
[Opening "QGD Slav: 3.Nf3"]
[ECO "D11"]
[Time "10:01:50"]
[TimeControl "2700+45"]

1. d4 d5 2. c4 c6 3. Nf3 a6 4. Nc3 Nf6 5. e3 Nbd7 6. Qc2 Qc7 7. b3 g6 8. Bb2 Bg7
9. cxd5 cxd5 10. Bd3 O-O 11. O-O Re8 12. Rac1 Qd8 13. Ne2 e6 14. Qc7 Bf8 15.
Qxd8 Rxd8 16. Rc2 Bd6 17. Rfc1 Ne8 18. Nc3 b5 19. Ne1 Bb7 20. Be2 Rac8 21. Nd3
Rc7 22. Nb1 Rxc2 23. Rxc2 Rc8 24. Rxc8 Bxc8 25. Bc3 h5 26. Bb4 Bb7 27. Bxd6 Nxd6
28. Nc5 Nxc5 29. dxc5 Ne4 30. b4 Kf8 31. f3 Nf6 32. Kf1 Ke7 33. Ke1 Nd7 34. Kd2
Ne5 35. Na3 Nc6 36. Kc3 e5 37. Nc2 f5 38. a3 h4 39. g3 hxg3 40. hxg3 g5 41. f4
gxf4 42. gxf4 exf4 43. exf4 Ke6 44. Nd4+ Nxd4 45. Kxd4 Bc6 46. Bf3 Bb7 47. Bh5
Bc6 48. Bg6 Bb7 49. Bh7 Bc6 50. Bg8+ {Black resigns} 1-0

[Event "Team 45 45 League T80"]
[Site "Internet Chess Club"]
[Date "2019.04.22"]
[Round "4"]
[White "clarinetref"]
[Black "Chess4Him"]
[Result "1-0"]
[WhiteElo "1450"]
[BlackElo "1503"]
[Opening "Robatsch (modern) defense"]
[ECO "B06"]
[Time "21:01:10"]
[TimeControl "2700+45"]

1. e4 g6 2. d4 Bg7 3. g3 d6 4. Bg2 Nd7 5. Ne2 e5 6. Be3 Ne7 7. Qd2 h6 8. c3 b6
9. Na3 Bb7 10. O-O f5 11. d5 Nc5 12. f3 Ba6 13. b4 Nd7 14. c4 Nf6 15. Nc3 g5 16.
f4 gxf4 17. gxf4 Ng4 18. Rac1 Bc8 19. c5 Ng6 20. cxd6 Qh4 21. h3 Nxe3 22. Qxe3
exf4 23. Qf3 Bd4+ 24. Kh2 cxd6 25. Ncb5 Be5 26. exf5 Bxf5 27. Rfe1 O-O 28. Nc4
Rf6 29. Nc3 Rc8 30. Ne4 Bxe4 31. Rxe4 Qg5 32. Rf1 Nh4 33. Qg4 f3+ 34. Nxe5 fxg2
35. Rxf6 Qxg4 36. Rxg4+ Kh7 37. Rf7+ Kh8 38. Ng6+ Kg8 39. Ne7+ Kxf7 40. Nxc8
g1=Q+ 41. Kxg1 Nf3+ 42. Kf2 Ne5 43. Rf4+ Kg6 44. Ke3 Kg5 45. Nxd6 Ng6 46. Rg4+
Kh5 47. Nf5 Ne5 48. Ng7# {Black checkmated} 1-0

[Event "Team 45 45 League T80"]
[Site "Internet Chess Club"]
[Date "2019.04.20"]
[Round "4"]
[White "BrerRabbit"]
[Black "XGG123"]
[Result "0-1"]
[WhiteElo "1355"]
[BlackElo "1482"]
[Opening "Queen's pawn: London system"]
[ECO "A45"]
[Time "19:46:25"]
[TimeControl "2700+45"]

1. d4 Nf6 2. Bf4 g6 3. e3 Bg7 4. Nf3 O-O 5. Be2 d6 6. O-O Nbd7 7. h3 Qe8 8. c4
e5 9. Bh2 Ne4 10. Nbd2 Nxd2 11. Qxd2 e4 12. Ne1 f5 13. Nc2 g5 14. Qd1 f4 15. Bh5
Qe7 16. Rb1 Nf6 17. Be2 f3 18. gxf3 exf3 19. Bxf3 Bxh3 20. Bxb7 Bxf1 21. Bxa8
Bxc4 22. Bg2 Bd5 23. Bxd5+ Nxd5 24. b4 Nc3 25. Qe1 Nxb1 26. Qxb1 Qf7 27. Bg3 h5
28. Qe1 h4 29. Bh2 Qxa2 30. Qe2 Qf7 31. Na3 a6 32. Kf1 Qf3 33. Qxf3 Rxf3 34. Kg2
Rf8 35. b5 axb5 36. Nxb5 Rf7 37. Na7 c5 38. Nc6 cxd4 39. Nxd4 Bxd4 40. exd4 d5
41. Be5 Kh7 42. Kg1 Kg6 43. Kg2 Kf5 44. f3 Re7 45. Bd6 Re2+ 46. Kf1 Rd2 47. Be5
g4 48. fxg4+ Kxg4 49. Kg1 h3 50. Kh1 Kf3 51. Kg1 Ke4 52. Kh1 Rxd4 53. Bxd4 Kxd4
{White resigns} 0-1

[Event "Team 45 45 League T80"]
[Site "Internet Chess Club"]
[Date "2019.04.22"]
[Round "4"]
[White "sdcohle"]
[Black "pagliaci"]
[Result "1-0"]
[WhiteElo "1356"]
[BlackElo "1187"]
[Opening "Canard opening"]
[ECO "A45"]
[Time "20:31:24"]
[TimeControl "2700+45"]

1. d4 Nf6 2. f4 d5 3. e3 Bg4 4. Nf3 c5 5. c3 Nc6 6. Bd3 e6 7. O-O Bd6 8. Nbd2
O-O 9. h3 Bh5 10. Qe1 Rc8 11. Ne5 cxd4 12. exd4 Qb6 13. Ndf3 Rfe8 14. Rb1 Bxf3
15. Rxf3 Nxd4 16. cxd4 Qxd4+ 17. Kh1 Ne4 18. Be3 Qa4 19. a3 b6 20. Qf1 Rc7 21.
Bb5 Qa5 22. Bxe8 a6 23. Nc6 Nd2 24. Nxa5 Nxf1 25. Rfxf1 bxa5 26. Ba4 f6 27. Rfc1
Re7 28. Bc5 Bxc5 29. Rxc5 Kf7 30. Rbc1 Kg6 31. Rxa5 Kf5 32. g3 Ke4 33. Rxa6 e5
34. fxe5 fxe5 35. Bc2+ Kf3 36. Kh2 e4 37. Bd1+ Kf2 38. Rc2+ Ke3 39. Rd6 d4 40.
Re2+ Kd3 41. Kg2 e3 42. Kf1 Rf7+ 43. Ke1 Rf3 44. Bc2+ Kc4 45. b3+ Kc5 46. Rc6+
Kb5 47. a4+ Kb4 48. Rg2 e2 49. Rc4+ Ka3 50. Rxd4 Kb2 51. Kxe2 Rc3 52. Rc4 Rxc2+
53. Rxc2+ Kxc2 54. a5 Kxb3 55. a6 g5 56. a7 h5 57. a8=Q g4 58. Qe4 gxh3 59. Rh2
h4 60. Rxh3 Kb2 61. gxh4 Ka2 62. Kf3 Kb3 63. Kg4+ Kb2 64. Qf3 Kc2 65. Qg2+ Kb1
66. Rh1# {Black checkmated} 1-0

[Event "Team 45 45 League T80"]
[Site "Internet Chess Club"]
[Date "2019.04.20"]
[Round "4"]
[White "Just-Jim"]
[Black "seldredg"]
[Result "0-1"]
[WhiteElo "1276"]
[BlackElo "1242"]
[Opening "Réti opening"]
[ECO "A04"]
[Time "17:31:06"]
[TimeControl "2700+45"]

1. Nf3 d6 2. d4 f5 3. Bf4 Nf6 4. Nc3 g6 5. h3 Bg7 6. e3 O-O 7. Ng5 Kh8 8. Bc4
Qe8 9. Qf3 h6 10. Ne6 Bxe6 11. Bxe6 c6 12. O-O Na6 13. a3 Rd8 14. Bc4 d5 15.
Bxa6 bxa6 16. Be5 e6 17. Bc7 Rd7 18. Ba5 Rff7 19. Qe2 Qc8 20. Na4 Bf8 21. Bb4
Ne4 22. Bxf8 Rxf8 23. c4 Rff7 24. c5 f4 25. Nc3 f3 26. gxf3 Ng5 27. f4 Nxh3+ 28.
Kh2 Rf5 29. Kxh3 Rh5+ 30. Kg2 Rf7 31. Rh1 Rff5 32. Rxh5 gxh5 33. Rh1 Qg8+ 34.
Kf1 Rf6 35. Qxh5 Kh7 36. Rg1 Qf8 37. Qe5 Rf5 38. Qc7+ Rf7 39. Qxc6 Re7 40. Ne2
Qf5 41. Qc8 Qb1+ 42. Kg2 Rg7+ 43. Ng3 Qe4+ 44. Kh2 Rg4 45. Qe8 Rh4# {White
checkmated} 0-1

[Event "Team 45 45 League T80"]
[Site "Internet Chess Club"]
[Date "2019.04.21"]
[Round "4"]
[White "Visin"]
[Black "Tjet"]
[Result "1/2-1/2"]
[WhiteElo "1195"]
[BlackElo "1362"]
[Opening "King's pawn opening"]
[ECO "B07"]
[Time "14:01:06"]
[TimeControl "2700+45"]

1. e4 d6 2. d4 e5 3. dxe5 dxe5 4. Qxd8+ Kxd8 5. Nf3 f6 6. Nc3 c6 7. a3 Kc7 8.
Be3 Be6 9. O-O-O Nd7 10. Nd2 Bc5 11. Bc4 Bxc4 12. Nxc4 Bxe3+ 13. Nxe3 Ne7 14.
Rd2 Nb6 15. Rhd1 Rhd8 16. h4 Rxd2 17. Rxd2 Rd8 18. g3 Rxd2 19. Kxd2 h5 20. Kd3
Kd6 21. Nc4+ Nxc4 22. Kxc4 f5 23. b4 a6 24. f3 b5+ 25. Kd3 g6 {Game drawn by
mutual agreement} 1/2-1/2

[Event "Team 45 45 League T80"]
[Site "Internet Chess Club"]
[Date "2019.04.18"]
[Round "4"]
[White "rkjulianjr"]
[Black "oldmanpatzer"]
[Result "1-0"]
[WhiteElo "1331"]
[BlackElo "1205"]
[Opening "QGD: 3.Nc3"]
[ECO "D31"]
[Time "21:00:26"]
[TimeControl "2700+45"]

1. d4 e6 2. c4 d5 3. Nc3 dxc4 4. e4 Nc6 5. Nf3 Bb4 6. Bxc4 Bd7 7. O-O h6 8. Be3
Nge7 9. Rc1 a6 10. Be2 Ng6 11. a3 Ba5 12. b4 Bb6 13. Na4 Ba7 14. Nc5 b6 {Black
resigns} 1-0

[Event "Team 45 45 League T80"]
[Site "Internet Chess Club"]
[Date "2019.04.21"]
[Round "4"]
[White "Conjurer"]
[Black "CMAlge"]
[Result "0-1"]
[WhiteElo "1235"]
[BlackElo "1393"]
[Opening "Queen's pawn, Mason variation"]
[ECO "D00"]
[Time "14:01:28"]
[TimeControl "2700+45"]

1. d4 d5 2. Bf4 Nf6 3. e3 c5 4. c3 Nc6 5. Nf3 Qb6 6. Qc2 Bf5 7. Qb3 c4 8. Qxb6
axb6 9. Na3 e6 10. Nb5 Kd7 11. Be2 Ra5 12. a4 Be7 13. O-O Bc2 14. Bd1 Bd3 15.
Re1 Rha8 16. b3 Rxb5 17. axb5 Rxa1 18. bxc6+ bxc6 19. b4 Bd6 20. Ne5+ Bxe5 21.
Bxe5 Be2 22. f3 Rxd1 23. Kf2 Rxe1 24. Kxe1 Bd3 25. g4 Ne8 26. h4 f6 27. Bf4 Nd6
28. h5 h6 29. Kd2 Nb5 30. Bg3 Na3 31. f4 Nb1+ 32. Kc1 Nxc3 33. Be1 Ne4 34. Kb2
{White resigns} 0-1

[Event "Team 45 45 League T80"]
[Site "Internet Chess Club"]
[Date "2019.04.21"]
[Round "4"]
[White "seattleblues"]
[Black "guyd52"]
[Result "1-0"]
[WhiteElo "1255"]
[BlackElo "1189"]
[Opening "King's Indian, 3.Nf3"]
[ECO "E61"]
[Time "06:03:34"]
[TimeControl "2700+45"]

1. d4 g6 2. Nf3 Nf6 3. c4 Bg7 4. Nc3 d6 5. Bf4 Nbd7 6. e3 c6 7. Be2 O-O 8. O-O
Re8 9. b4 Nh5 10. Bg5 Bf6 11. a4 Bxg5 12. Nxg5 a5 13. b5 c5 14. Bxh5 h6 15. Nge4
e5 16. Bf3 Nf6 17. dxe5 Nxe4 18. Nxe4 Be6 19. Qxd6 Qxd6 20. Nxd6 Re7 21. Bxb7
Rb8 22. Bc6 Bf5 23. f4 Bd7 24. Bxd7 Rxd7 25. Rfd1 Rbd8 26. Rd5 Rc7 27. Rad1 Kf8
28. Ne4 Re8 29. Rxc5 Ra7 30. Rcd5 f5 31. Nc5 g5 32. Nb3 g4 33. b6 Ra6 34. c5 h5
35. Rd7 h4 36. R1d6 Re7 37. Rxe7 Kxe7 38. Nd4 Ra8 39. Nxf5+ Kf7 40. Nxh4 {Black
resigns} 1-0

[Event "Team 45 45 League T80"]
[Site "Internet Chess Club"]
[Date "2019.04.22"]
[Round "4"]
[White "noblitz-oblige"]
[Black "mongmong"]
[Result "0-1"]
[WhiteElo "1493"]
[BlackElo "1547"]
[Opening "French: exchange variation"]
[ECO "C01"]
[Time "19:08:06"]
[TimeControl "2700+45"]

1. e4 e6 2. d4 d5 3. exd5 exd5 4. Nf3 Bd6 5. h3 Ne7 6. Bd3 Nbc6 7. O-O Nb4 8.
Nc3 Nxd3 9. Qxd3 c6 10. Re1 f6 11. Ne2 O-O 12. Bf4 Ng6 13. Bxd6 Qxd6 14. Ng3 Be6
15. Re3 Qd7 16. Rae1 Rfe8 17. Nh4 {White resigns} 0-1

[Event "Team 45 45 League T80"]
[Site "Internet Chess Club"]
[Date "2019.04.20"]
[Round "4"]
[White "smsxman"]
[Black "chesskix"]
[Result "1-0"]
[WhiteElo "1437"]
[BlackElo "1384"]
[Opening "Sicilian defense"]
[ECO "B30"]
[Time "12:01:09"]
[TimeControl "2700+45"]

1. e4 c5 2. Nf3 Nc6 3. Nc3 g6 4. Bb5 Bg7 5. Bxc6 bxc6 6. e5 Nh6 7. O-O Nf5 8.
Re1 O-O 9. Ne4 d6 10. d4 cxd4 11. exd6 exd6 12. Bg5 f6 13. Bc1 c5 14. c3 dxc3
15. bxc3 Re8 16. Qd5+ Be6 17. Qd1 Bf7 18. Bf4 Qa5 19. Bxd6 Nxd6 20. Qxd6 f5 21.
Nf6+ Bxf6 22. Qxf6 Rxe1+ 23. Nxe1 Qb6 24. Qh4 Qd6 25. Qa4 Qd2 26. Qc2 Qxc2 27.
Nxc2 Rd8 28. Ne3 Rd2 29. a3 Ra2 30. Rxa2 Bxa2 31. g3 Kf7 32. Kf1 Ke6 33. f4 c4
34. Ke2 Kd6 35. Nc2 Bb3 36. Nd4 a6 37. Ke3 Kd5 38. Nf3 Bc2 39. h4 h6 40. Nd4 Be4
41. Ne2 Bc2 42. Nc1 Bb3 43. Ne2 Ba4 44. Nc1 Bb3 45. Kf3 h5 46. Ke3 a5 47. Ne2
Ba4 48. Nd4 Bd7 49. Nf3 Be8 50. Ne5 a4 51. Nf3 Bd7 52. Ng5 Be8 53. Nh7 Bf7 54.
Nf6+ Ke6 55. Nh7 Kd5 56. Ng5 Be8 57. Nf3 Bd7 58. Nd4 Kc5 59. Nf3 Be8 60. Ng5 Kd5
61. Nh7 Bf7 62. Nf6+ Ke6 63. Nh7 Be8 64. Kd4 Bf7 65. Kxc4 Kd6+ 66. Kd4 Bg8 67.
Ng5 Kc6 68. Nf3 Kb5 69. Ne5 Bh7 70. c4+ Kb6 71. Nd7+ Kc6 72. Ne5+ Kd6 73. c5+
Kc7 74. Kc4 Bg8+ 75. Kb4 Bb3 76. Nxg6 Kc6 77. Ne7+ {Black resigns} 1-0

[Event "Team 45 45 League T80"]
[Site "Internet Chess Club"]
[Date "2019.04.22"]
[Round "4"]
[White "stantheman59"]
[Black "kingsrook"]
[Result "1/2-1/2"]
[WhiteElo "1258"]
[BlackElo "1193"]
[Opening "Sicilian: Anderssen variation"]
[ECO "B41"]
[Time "14:04:17"]
[TimeControl "2700+45"]

1. e4 c5 2. Nf3 e6 3. d4 cxd4 4. Nxd4 Nf6 5. Nc3 Nc6 6. Bg5 Bb4 7. Nxc6 bxc6 8.
e5 h6 9. exf6 hxg5 10. fxg7 Rg8 11. Qh5 Qf6 12. a3 Bxc3+ 13. Kd1 Qd4+ 14. Bd3
Bxb2 15. Rb1 Qxg7 16. Qh7 Rb8 17. Qxg7 Rxg7 18. Kd2 d5 19. c3 Kd8 20. Kc2 Kc7
21. Rxb2 Bd7 22. Rhb1 Rgg8 23. Ba6 Rxb2+ 24. Rxb2 Rb8 25. Rxb8 Kxb8 26. g3 f5
27. h4 g4 28. h5 Be8 29. h6 Bg6 30. Kd2 Kc7 31. Ke3 e5 32. Be2 Kd6 33. f3 f4+
34. gxf4 g3 35. Bf1 c5 36. fxe5+ Kxe5 37. f4+ Kf6 38. Kf3 Be4+ 39. Ke2 Kg6 40.
Bh3 Kxh6 41. Bg4 d4 42. cxd4 cxd4 43. Bh3 Kg6 44. Kf1 Kf6 45. Bg4 d3 46. Bd1 Kf5
47. a4 Kxf4 48. a5 Ke3 49. a6 d2 50. Bb3 g2+ 51. Kg1 Bf3 52. Bc2 Be2 53. Kxg2
d1=Q 54. Bxd1 Bxd1 55. Kf1 Kd4 56. Ke1 Ba4 57. Kd2 Kc5 58. Kc3 Kb6 59. Kb4 Bb5
60. Kb3 Bxa6 61. Kb4 Bb5 62. Kb3 Kc5 63. Ka3 a5 64. Kb2 a4 65. Ka3 Kc4 66. Kb2
Kb4 67. Ka1 Kb3 68. Kb1 a3 69. Ka1 Be2 70. Kb1 Kb4 71. Ka2 Bc4+ 72. Ka1 a2 73.
Kb2 Bb3 74. Ka1 Kc4 75. Kb2 Kd3 76. Ka1 Kc2 {White stalemated} 1/2-1/2

[Event "Team 45 45 League T80"]
[Site "Internet Chess Club"]
[Date "2019.04.17"]
[Round "4"]
[White "Gojira"]
[Black "joaoazm"]
[Result "0-1"]
[WhiteElo "1577"]
[BlackElo "1713"]
[Opening "Queen's pawn, Mason variation"]
[ECO "D00"]
[Time "17:48:19"]
[TimeControl "2700+45"]

1. d4 d5 2. Bf4 Nf6 3. e3 c5 4. c3 Qb6 5. Qb3 Qxb3 6. axb3 cxd4 7. exd4 Bf5 8.
Na3 Na6 9. Nb5 Kd8 10. Nf3 Nh5 11. Be3 f6 12. h3 g6 13. g4 Be4 14. Bg2 Ng7 15.
Nh4 e6 16. Kd2 Bxg2 17. Nxg2 Ne8 18. Bf4 Kd7 19. Rhe1 Bd6 20. Re2 Bxf4+ 21. Nxf4
Ng7 22. c4 g5 23. Nd3 h5 24. cxd5 exd5 25. b4 Ne6 26. Nc5+ Naxc5 27. bxc5 hxg4
28. Rxe6 Kxe6 29. Nc7+ Kd7 30. Nxa8 gxh3 31. Rh1 g4 32. Ke3 Rxa8 33. Kf4 Rg8 34.
Rg1 Re8 35. Rxg4 h2 36. Rh4 Re4+ {White resigns} 0-1

[Event "Team 45 45 League T80"]
[Site "Internet Chess Club"]
[Date "2019.04.18"]
[Round "4"]
[White "WillC"]
[Black "Bizzy-Ketty"]
[Result "1-0"]
[WhiteElo "1698"]
[BlackElo "1529"]
[Opening "Queen's pawn game"]
[ECO "A46"]
[Time "19:02:21"]
[TimeControl "2700+45"]

1. d4 Nf6 2. Nf3 e6 3. b3 d5 4. Bb2 Bd6 5. e3 O-O 6. Bd3 Nbd7 7. O-O b6 8. Nbd2
Bb7 9. c4 c5 10. Rc1 Re8 11. Ne5 dxc4 12. Ndxc4 Bc7 13. Qe2 cxd4 14. exd4 Nf8
15. Rfd1 Rc8 16. Ne3 Nd5 17. Bb5 Re7 18. Ba3 Bd6 19. Rxc8 Bxc8 20. Nc6 Qc7 21.
Nxd5 exd5 22. Nxe7+ Qxe7 23. Qxe7 Bxe7 24. Bxe7 Ng6 25. Ba3 h6 26. Rc1 Bf5 27.
Ba6 Nf4 28. Rc7 Ne6 29. Rxa7 Nxd4 30. Bb2 Nc6 31. Ra8+ Kh7 32. Bb7 Nb4 33. a3
Nd3 34. Bc3 Nf4 35. Bb4 d4 36. Rd8 d3 37. f3 Ne2+ 38. Kf2 Nc1 39. Be4 Bxe4 40.
fxe4 Nxb3 41. Rxd3 Nc1 42. Rd6 b5 43. Ke3 Nb3 44. Rc6 Na1 45. Rc3 Kg6 46. Kd2
Kg5 47. Kc1 Kf4 48. Kb2 Kxe4 49. Kxa1 f5 50. Rc7 g5 51. Rh7 Ke3 52. Rxh6 Kf2 53.
g3 f4 54. gxf4 gxf4 55. Bc5+ Ke2 56. Re6+ Kf3 57. h4 Kg4 58. Rh6 f3 59. Rh8 Kf5
60. h5 Kg5 61. Kb2 Kf6 62. Kc3 Kg7 63. Bd4+ Kf7 64. Rb8 {Black resigns} 1-0

[Event "Team 45 45 League T80"]
[Site "Internet Chess Club"]
[Date "2019.04.20"]
[Round "4"]
[White "Electryon"]
[Black "CMAlge"]
[Result "0-1"]
[WhiteElo "1434"]
[BlackElo "1383"]
[Opening "Queen's pawn, Mason variation"]
[ECO "D00"]
[Time "18:01:53"]
[TimeControl "2700+45"]

1. d4 d5 2. Bf4 Nf6 3. e3 c5 4. c3 Nc6 5. Nd2 Qb6 6. Qb3 c4 7. Qc2 Bg4 8. b3 e6
9. bxc4 dxc4 10. Bxc4 Qd8 11. Ngf3 Bd6 12. Ne5 O-O 13. O-O Ne7 14. Ne4 Bxe5 15.
Bxe5 Nxe4 16. Qxe4 Bf5 17. Qxb7 Rc8 18. Qb5 Nd5 19. Rfc1 Qg5 20. Bxd5 exd5 21.
Qxd5 Be6 22. Qf3 f6 23. Qg3 Qf5 24. Bd6 Rf7 25. Qf4 Qd3 26. Bb4 Rfc7 27. Qd6 Qc4
28. Bc5 Kf7 29. Qf4 g5 30. Qf3 Bd5 31. Qh5+ Kg7 32. h4 Bf7 33. Qg4 Rxc5 34. Qg3
Rd5 35. Qg4 h5 36. Qg3 Kh6 37. hxg5+ Rxg5 38. Qf4 Kg6 39. Qe4+ Kg7 40. a3 Re8
41. Qb7 Kg8 42. Qxa7 Bd5 43. g3 Rxg3+ 44. fxg3 Qe2 {White resigns} 0-1

[Event "Team 45 45 League T80"]
[Site "Internet Chess Club"]
[Date "2019.04.18"]
[Round "4"]
[White "Conjurer"]
[Black "tryanything"]
[Result "0-1"]
[WhiteElo "1245"]
[BlackElo "1520"]
[Opening "Queen's pawn: London system"]
[ECO "A45"]
[Time "18:56:23"]
[TimeControl "2700+45"]

1. d4 Nf6 2. Bf4 g6 3. e3 Bg7 4. Nf3 d6 5. c4 O-O 6. Nc3 c5 7. Bd3 Bg4 8. h3
Bxf3 9. Qxf3 Nc6 10. a3 cxd4 11. Nd5 dxe3 12. Bxe3 Ne5 13. Nxf6+ Bxf6 14. Qe2
Nxd3+ 15. Qxd3 Bxb2 16. Rb1 Qa5+ 17. Bd2 Qxa3 18. Qxa3 Bxa3 19. Rxb7 e6 20. O-O
Rfc8 21. Ra1 Bc5 22. Be3 Bxe3 23. fxe3 Rxc4 24. Raxa7 Rxa7 25. Rxa7 Re4 26. Kf2
Kg7 27. g4 d5 28. Kf3 h5 29. g5 h4 30. Ke2 Re5 31. Kf3 Rxg5 32. Kf4 Rf5+ 33. Kg4
g5 34. Ra4 Kg6 35. e4 Rf4# {White checkmated} 0-1

[Event "Team 45 45 League T80"]
[Site "Internet Chess Club"]
[Date "2019.04.18"]
[Round "4"]
[White "Covenanteer"]
[Black "KidRattler"]
[Result "1-0"]
[WhiteElo "1592"]
[BlackElo "1602"]
[Opening "Tennison (Lemberg, Zukertort) gambit"]
[ECO "B01"]
[Time "08:19:54"]
[TimeControl "2700+45"]

1. e4 d5 2. Nf3 dxe4 3. Ng5 Nf6 4. Nc3 Nc6 5. Bc4 e6 6. O-O Bd6 7. Ngxe4 Nxe4 8.
Nxe4 Qh4 9. Nxd6+ cxd6 10. d3 Bd7 11. a3 O-O 12. c3 Ne5 13. Ba2 Bc6 14. d4 Ng4
15. h3 Nf6 16. f3 Rfe8 17. Be3 Nd5 18. Bf2 Qf6 19. Qd2 Nb6 20. Rad1 Bb5 21. Rfe1
Rac8 22. Re4 Qg6 23. Rg4 Qd3 24. Qxd3 Bxd3 25. Rxd3 d5 26. Re3 f6 27. f4 Kf7 28.
Rh4 h6 29. Rg4 Na4 30. Re2 b5 31. Rg3 a6 32. Rge3 g6 33. g4 Nb6 34. f5 gxf5 35.
gxf5 exf5 36. Bh4 Rxe3 37. Rxe3 Rc6 38. Kf2 Rd6 39. Bg3 Re6 40. Bc7 Nc4 41. Bxc4
bxc4 42. Rxe6 Kxe6 43. Bf4 h5 44. Kg3 Kf7 45. Kh4 Kg6 46. a4 Kf7 47. Kxh5 Kg7
48. Bd6 Kf7 49. Kh6 a5 50. Kh5 Kg7 51. Bc7 f4 52. Kg4 f3 53. Kxf3 f5 54. Kf4 Kh6
55. Kxf5 Kh5 56. Bxa5 Kh4 57. Ke5 Kg5 58. Kxd5 Kf6 59. h4 Kg6 60. Kxc4 Kf6 61.
Bd8+ Ke6 62. a5 Kd7 63. Bb6 Kc6 64. h5 Kb7 65. h6 Kb8 66. h7 Kc8 67. h8=Q+ Kd7
68. Qh6 Ke7 69. Kd5 Kd7 70. Qh7+ Ke8 71. Ke6 Kf8 72. Qf7# {Black checkmated} 1-0

[Event "Team 45 45 League T80"]
[Site "Internet Chess Club"]
[Date "2019.04.20"]
[Round "4"]
[White "BJJ"]
[Black "liujf"]
[Result "0-1"]
[WhiteElo "1391"]
[BlackElo "1590"]
[Opening "Ruy Lopez: 5.O-O"]
[ECO "C78"]
[Time "18:10:19"]
[TimeControl "2700+45"]

1. e4 e5 2. Nf3 Nc6 3. Bb5 a6 4. Ba4 Nf6 5. O-O b5 6. Bb3 Bc5 7. Re1 O-O 8. c3
d6 9. h3 h6 10. d4 Bb6 11. d5 Ne7 12. Nbd2 Nh7 13. Nf1 Kh8 14. Ng3 f5 15. exf5
Nxf5 16. Ne4 Nh4 17. Nxh4 Qxh4 18. Be3 Qxe4 19. Bxb6 Qg6 20. Bc2 Qg5 21. Be3 Qh4
22. Qd3 Nf6 23. f3 Kg8 24. a4 bxa4 25. Bf2 Qg5 26. h4 Qh5 27. Rxa4 Qf7 28. g4
Qxd5 29. Qxd5+ Nxd5 30. Bb3 Be6 31. Ra5 Nf4 32. Bxe6+ Nxe6 33. Rea1 Rxf3 34.
Rxa6 Rxa6 35. Rxa6 Rf4 36. g5 hxg5 37. hxg5 Nxg5 38. Be3 Rg4+ 39. Kf2 Ne6 40.
Kf3 Rc4 41. Ra8+ Kf7 42. Rh8 Kf6 43. Rh1 Nf4 44. Bc1 Nd3 45. Ke2 Nxc1+ 46. Rxc1
Rf4 47. b4 g5 48. b5 g4 49. b6 cxb6 50. Ke3 g3 51. Rg1 Rg4 52. Kf3 Kf5 53. Kg2
e4 54. Rd1 Ke5 55. c4 e3 56. Rd5+ Ke6 57. Rd3 Re4 58. Rd1 e2 59. Re1 Re3 60. Kg1
Ke5 61. Kh1 Kd4 62. c5 bxc5 63. Kg2 Kc3 64. Rd1 e1=Q 65. Rc1+ Qxc1 66. Kh3 Re4
67. Kg2 Qd2+ 68. Kxg3 Qd3+ 69. Kf2 Re2+ {White resigns} 0-1

[Event "Team 45 45 League T80"]
[Site "Internet Chess Club"]
[Date "2019.04.22"]
[Round "4"]
[White "dalmata"]
[Black "KidBoa"]
[Result "1-0"]
[WhiteElo "1503"]
[BlackElo "1283"]
[Opening "Nimzo-Indian: three knights variation"]
[ECO "E21"]
[Time "16:48:48"]
[TimeControl "2700+45"]

1. d4 Nf6 2. c4 e6 3. Nc3 Bb4 4. Nf3 O-O 5. Bg5 h6 6. Bh4 d5 7. e3 c6 8. Be2
Nbd7 9. O-O Qc7 10. Bg3 Bd6 11. Bxd6 Qxd6 12. c5 Qc7 13. h3 b6 14. b4 a5 15. a3
Ba6 16. Rb1 axb4 17. axb4 Bxe2 18. Qxe2 b5 19. Ra1 Ne4 20. Nxe4 dxe4 21. Nd2 f5
22. f3 exf3 23. Nxf3 Nf6 24. Ne5 Nd5 25. Qd2 Ra4 26. Rxa4 bxa4 27. Qe2 Rb8 28.
Qa6 Nxb4 29. Qxa4 Nd5 30. Qxc6 Qxc6 31. Nxc6 Rb3 32. Kh2 Rxe3 33. Ne5 Re4 34.
Rd1 Kf8 35. Nf3 Ke7 36. Rc1 g5 37. Ra1 g4 38. hxg4 fxg4 39. Ne5 h5 40. Ra7+ Kf6
41. Rf7+ Kg5 42. Rg7+ Kf6 43. Rf7+ Kg5 44. Rg7+ Kh4 45. g3# {Black checkmated}
1-0

[Event "Team 45 45 League T80"]
[Site "Internet Chess Club"]
[Date "2019.04.18"]
[Round "4"]
[White "isolani"]
[Black "LuFran"]
[Result "0-1"]
[WhiteElo "1385"]
[BlackElo "1659"]
[Opening "QGD: 4.Nf3"]
[ECO "D37"]
[Time "18:00:27"]
[TimeControl "2700+45"]

1. d4 e6 2. Nf3 Nf6 3. c4 d5 4. Nc3 Be7 5. e3 O-O 6. Bd3 dxc4 7. Bxc4 c5 8. O-O
a6 9. a4 Nc6 10. Qe2 cxd4 11. exd4 Nxd4 12. Nxd4 Qxd4 13. Rd1 Qg4 14. f3 Bc5+
15. Kh1 Qh5 16. Bf4 Qf5 17. Bd6 Bxd6 18. Rxd6 Bd7 19. Rad1 Bc6 20. b4 Rac8 21.
Bd3 Qf4 22. Ne4 Nxe4 23. Bxe4 Bxe4 24. fxe4 Rc1 {White resigns} 0-1

[Event "Team 45 45 League T80"]
[Site "Internet Chess Club"]
[Date "2019.04.19"]
[Round "4"]
[White "kabubi"]
[Black "Bible-Believer"]
[Result "0-1"]
[WhiteElo "1171"]
[BlackElo "1362"]
[Opening "Sicilian defense"]
[ECO "B40"]
[Time "11:30:21"]
[TimeControl "2700+45"]

1. e4 c5 2. Nf3 e6 3. d3 d5 4. Nbd2 Nc6 5. g3 Be7 6. Bg2 Nf6 7. O-O O-O 8. c3
Qb6 9. Qe2 e5 10. h3 h6 11. Kh2 Be6 12. Re1 d4 13. c4 Nb4 14. Rf1 Nh5 15. a3 Nc6
16. Rb1 f5 17. Re1 f4 18. g4 Nf6 19. Nh4 Nxe4 20. Nxe4 Bxh4 21. Bf3 Qc7 22. b4
cxb4 23. axb4 b6 24. Ba3 Be7 25. Rbc1 Bxb4 26. Bxb4 Nxb4 27. Rb1 Na6 28. Nd2
Rae8 29. Qxe5 Qxe5 30. Rxe5 Nc5 31. Be4 Bf7 32. Rxe8 Rxe8 33. f3 Re7 34. Nb3
Nxb3 35. Rxb3 Be8 36. Rb4 Bd7 37. h4 Bc8 38. h5 Bb7 39. Bd5+ Bxd5 40. cxd5 Rd7
41. Rxd4 a5 42. d6 b5 43. Rd5 a4 44. Rxb5 Rxd6 45. Ra5 Rxd3 46. Rxa4 Rxf3 47.
Kg2 Rg3+ 48. Kf2 Rxg4 49. Kf3 Rh4 50. Rxf4 Rxh5 51. Kg4 Rg5+ 52. Kh4 Kh7 53. Rf7
Kg6 54. Rf8 Rf5 55. Rg8 Rf4+ 56. Kh3 h5 57. Rh8 Kg5 58. Rg8 g6 59. Rc8 Rf3+ 60.
Kg2 Kg4 61. Rc4+ Rf4 62. Rc3 g5 63. Rg3+ Kf5 64. Kh3 g4+ 65. Kh4 Rf3 66. Rxf3+
gxf3 67. Kg3 Ke4 68. Kf2 Kf4 69. Kg1 Kg3 {White resigns} 0-1

[Event "Team 45 45 League T80"]
[Site "Internet Chess Club"]
[Date "2019.04.22"]
[Round "4"]
[White "Toalla"]
[Black "Dwilkes"]
[Result "1-0"]
[WhiteElo "1239"]
[BlackElo "1010"]
[Opening "Réti: King's Indian attack (Barcza system)"]
[ECO "A07"]
[Time "18:00:45"]
[TimeControl "2700+45"]

1. Nf3 d5 2. g3 Nc6 3. d4 Nf6 4. Nc3 g6 5. Bg2 Bf5 6. Bf4 Nb4 7. O-O Nxc2 8. Rc1
Nb4 9. Nb5 c6 10. Nc7+ Qxc7 11. Bxc7 e6 12. Qb3 Be7 13. Be5 Na6 14. Qxb7 O-O 15.
Bxf6 Bxf6 16. Qxa6 Bg4 17. e3 Bxf3 18. Bxf3 h5 19. Rxc6 Rfe8 20. Bxd5 Bg7 21.
Bxe6 fxe6 22. Rxe6 Rxe6 23. Qxe6+ {Black resigns} 1-0

[Event "Team 45 45 League T80"]
[Site "Internet Chess Club"]
[Date "2019.04.19"]
[Round "4"]
[White "oldbookseller"]
[Black "olivermx"]
[Result "0-1"]
[WhiteElo "1090"]
[BlackElo "1235"]
[Opening "Colle system"]
[ECO "D02"]
[Time "13:10:13"]
[TimeControl "2700+45"]

1. d4 d5 2. Nf3 e6 3. e3 c5 4. c3 Nf6 5. Bd3 Bd6 6. Nbd2 Nbd7 7. O-O O-O 8. e4
dxe4 9. Nxe4 Nxe4 10. Bxe4 Nf6 11. Bg5 cxd4 12. Bxh7+ Kxh7 13. Qxd4 Be7 14. Qh4+
Kg8 15. Bxf6 Bxf6 16. Ng5 Bxg5 17. Qg4 Qe7 18. f4 Bf6 19. Rf3 e5 20. Rh3 Bxg4
21. Rg3 Bf5 {White resigns} 0-1